 Dungeon Crawl Stone Soup version 0.19-a0-958-gd69d43c (webtiles) character file.

111 Grim the Charmwright (level 4, -8/33 HPs)
             Began as a Merfolk Skald on July 11, 2016.
             Was an Initiate of the Shining One.
             Splashed by a jelly's acid (9 damage)
             ... on level 5 of the Dungeon.
             The game lasted 00:06:23 (2288 turns).

Grim the Charmwright (Merfolk Skald)                Turns: 2288, Time: 00:06:25

Health: -8/33      AC:  0    Str: 12    XL:     4   Next: 92%
Magic:  7/7        EV: 11    Int: 12    God:    the Shining One [......]
Gold:   97         SH:  0    Dex: 13    Spells: 1 memorised, 6 levels left

rFire  x . .     SeeInvis .     a - +0 spear
rCold  + . .     Gourm    .     b - +0 leather armour
rNeg   . . .     Faith    .     (no shield)
rPois  .         Spirit   .     (no helmet)
rElec  .         Dismiss  .     (no cloak)
rCorr  .         Reflect  .     l - +0 pair of gloves
SustAt .         Harm     .     (no boots)
MR     .....                    (no amulet)
Stlth  +.........               (no ring)
                                n - ring of ice

@: corroded, very slightly contaminated, hasted, glowing, invisible (but backlit
and visible), very quick, not resistant to hostile enchantments, very unstealthy
A: change form in water, swift swim
a: Renounce Religion


You were on level 5 of the Dungeon.
You worshipped the Shining One.
The Shining One was noncommittal.
You were very hungry.

You visited 1 branch of the dungeon, and saw 5 of its levels.

You collected 97 gold pieces.

Inventory:

Hand Weapons
 a - a +0 spear (weapon)
Armour
 b - a +0 leather armour (worn)
 l - a +0 pair of gloves (worn)
Jewellery
 n - a ring of ice (left hand)
Wands
 m - a wand of random effects (24/48)
Scrolls
 g - a scroll of teleportation {unknown}
 h - 2 scrolls of remove curse {unknown}
 k - 3 scrolls of identify {unknown}
 o - a scroll of fear {unknown}
 p - a scroll of enchant armour {unknown}
Potions
 e - 2 potions of haste
Books
 c - a book of Battle

   Spells                             Type                      Level
   a - Infusion                       Charms                       1
   b - Shroud of Golubria             Charms/Translocation         2
   c - Song of Slaying                Charms                       2
   d - Spectral Weapon                Hexes/Charms                 3
   e - Regeneration                   Charms/Necromancy            3
Comestibles
 d - a bread ration
 f - 2 beef jerkies


   Skills:
 - Level 2.1 Fighting
 + Level 4.6 Polearms
 - Level 0.6 Armour
 - Level 1.3 Dodging
 - Level 2.0 Spellcasting
 * Level 5.3 Charms


You had 6 spell levels left.
You knew the following spells:

 Your Spells              Type           Power        Failure   Level  Hunger
a - Infusion              Chrm           ##..         4%          1    ##.....


Dungeon Overview and Level Annotations

Branches:
Dungeon (6/15)
 Temple: D:4-7

Altars:
Dithmenos
Elyvilon
Okawaru
Ru
Uskayaw
The Shining One

Annotations:
D:5 Sigmund


Message History

* * * LOW HITPOINT WARNING * * *
Sigmund closely misses you.
Found a runed hand axe.
There is a stone staircase leading down here.
You hit Sigmund.
Sigmund is moderately wounded.
Sigmund gestures wildly while chanting.
Sigmund flickers and vanishes for a moment.
You closely miss Sigmund.
Sigmund is moderately wounded.
The orc hits you with a dagger.
* * * LOW HITPOINT WARNING * * *
You hit Sigmund but do no damage.
Sigmund is moderately wounded.
Sigmund hits you with a scythe!
* * * LOW HITPOINT WARNING * * *
The jelly hits you.
* * * LOW HITPOINT WARNING * * *
You are splashed with acid!
The acid corrodes you!
The acid burns!
You die...

...... #.... .
##.... . . .....
.# ..# ...# #.#
.... ..##..#
..... #@J..#
......##@.#
........o.#
......).........
............!..#
###..#...#.....#
#...###...#.#..
...# #####...#
.#. #.) . #.


You could see Sigmund (invisible), a jelly and an orc.

Vanquished Creatures
  Ijyb (D:3)
  A worker ant (D:6)
  An ooze (D:2)
  An adder zombie (D:6)
  A worm (D:1)
  2 dart slugs (D:1)
  2 orcs (D:5)
  3 giant cockroaches
  6 goblins
  7 hobgoblins (D:1)
  A quokka (D:2)
  A ball python (D:1)
  4 bats
  4 giant newts
  5 kobolds
  7 rats
47 creatures vanquished.

Notes
Turn   | Place    | Note
-------+----------+-------------------------------------------
     0 | D:1      | Grim the Merfolk Skald began the quest for the Orb.
     0 | D:1      | Reached XP level 1. HP: 16/16 MP: 3/3
   204 | D:1      | Reached XP level 2. HP: 22/22 MP: 1/5
   273 | D:1      | Reached skill level 4 in Charms
   655 | D:1      | Reached XP level 3. HP: 26/27 MP: 6/6
  1262 | D:2      | Found a glowing golden altar of the Shining One.
  1301 | D:2      | Became a worshipper of the Shining One
  1632 | D:3      | Noticed Ijyb
  1643 | D:3      | Killed Ijyb
  1643 | D:3      | Reached XP level 4. HP: 9/33 MP: 0/7
  1876 | D:3      | You fall through a shaft for 3 floors!
  1887 | D:6      | Reached skill level 5 in Charms
  2059 | D:6      | Noticed an orc warrior
  2071 | D:5      | Entered Level 5 of the Dungeon
  2071 | D:5      | Found a sacrificial altar of Ru.
  2071 | D:5      | Found a white marble altar of Elyvilon.
  2071 | D:5      | Found a hide-covered altar of Uskayaw.
  2071 | D:5      | Found an iron altar of Okawaru.
  2179 | D:5      | Found a shadowy altar of Dithmenos.
  2256 | D:5      | Noticed Sigmund
  2273 | D:5      | HP: 1/33 [Sigmund/scythe (8)]
  2288 | D:5      | HP: 1/33 [jelly (3)]
  2288 | D:5      | Splashed by a jelly's acid

Vault maps used:
D:1:      dpeg_arrival_solitude
D:2:      lemuel_upstairs_altar, lemuel_round_altar
D:3:      trog_eyes_of_draining, grunt_pakellas_basics, uniq_robin, uniq_iyjb
D:5:      nicolae_overflow_hidden_temple, serial_shops, shop, first_bread,
          uniq_prince_ribbit1, uniq_duvessa, uniq_sigmund

Skill      XL: |  1  2  3  4 |
---------------+-------------+-----
Charms         | 4 5 |  5.3
Polearms       | 4 |  4.6
Fighting       | |  2.1
Armour         | |  0.6
Dodging        | |  1.3
Spellcasting   | |  2.0

Action                   |  1- 3 |  4- 6 || total
-------------------------+-------+-------++-------
Melee: Spear             |   124 |    45 ||   169
 Cast: Infusion          |    14 |     1 ||    15
  Use: Potion            |       |     5 ||     5
  Eat: Chunk             |     3 |     1 ||     4
Armor: Leather armour    |    18 |     5 ||    23
Dodge: Dodged            |    34 |    35 ||    69
